 Dungeon Crawl Stone Soup version 0.27-a0-13-g87abb2d9eb (webtiles) character file.

Game seed: 4275789218175941832

8034 pkoi the Grappler (level 11, -3/99 HPs)
             Began as a Purple Draconian Monk on Jan 3, 2021.
             Was an Elder of Ashenzari.
             Slain by a blink frog (16 damage)
             ... on level 2 of the Lair of Beasts.
             The game lasted 00:11:43 (12569 turns).

pkoi the Grappler (Purple Draconian Monk)          Turns: 12569, Time: 00:11:44

Health: -3/99      AC:  9    Str: 20    XL:     11   Next: 4%
Magic:  11/11      EV: 21    Int: 14    God:    Ashenzari [****..]
Gold:   647        SH:  0    Dex: 13    Spells: 10/10 levels left

rFire    . . .     SeeInvis +     - Unarmed
rCold    . . .     Faith    .   (no shield)
rNeg     . . .     Spirit   .   (armour unavailable)
rPois    .         Reflect  .   o - +1 hat
rElec    .         Harm     .   n - scarf {shadows}
rCorr    .         Rampage  .   (no gloves)
Will     +....     Clarity  +   s - +0 pair of boots
Stlth    ++........             b - amulet of magic regeneration
HPRegen  0.26/turn              e - +6 ring of strength (curse)
MPRegen  0.37/turn              m - +4 ring of evasion

@: no status effects
A: breathe power, unfitting armour, cold-blooded, AC +7
a: Breathe Dispelling Energy, Renounce Religion, Curse Item, Scrying


You were on level 2 of the Lair of Beasts.
You worshipped Ashenzari.
Ashenzari was greatly pleased with you.
You visited 3 branches of the dungeon, and saw 14 of its levels.
You also visited: Sewer.

You collected 647 gold pieces.

Inventory:

Missiles
 h - 7 curare-tipped darts
 l - 25 poisoned darts (quivered)
Armour
 i - a +0 cloak
 n - a scarf of shadows (worn)
 o - a +1 hat (worn)
 s - a +0 pair of boots (worn)
 v - a scarf of repulsion
Jewellery
 b - an amulet of magic regeneration (around neck)
 e - a cursed +6 ring of strength (left hand)
 m - a +4 ring of evasion (right hand)
 D - an uncursed ring of fire
 J - an uncursed ring of wizardry
 K - an uncursed amulet of regeneration
Wands
 t - a wand of random effects (36)
 y - a wand of paralysis (8)
 A - a wand of flame (8)
 B - a wand of iceblast (8)
 C - a wand of polymorph (7)
Scrolls
 d - 2 scrolls of enchant weapon
 g - 2 scrolls of magic mapping
 p - 9 scrolls of teleportation
 q - a scroll of enchant armour
 r - 13 scrolls of identify
 u - a scroll of remove curse
 w - 2 scrolls of fear {unknown}
 x - 2 scrolls of blinking
 E - a scroll of holy word {unknown}
 G - a scroll of fog
 I - 2 scrolls of amnesia
Potions
 a - 3 potions of lignification
 c - 8 potions of curing
 f - 3 potions of mutation
 j - 2 potions of haste
 k - 3 potions of brilliance
 z - a potion of ambrosia {unknown}
 F - a potion of invisibility {unknown}
 H - a potion of flight


   Skills:
 + Level 9.9 Fighting
 + Level 8.3 Dodging
 - Level 1.7 Stealth
 + Level 12.3 Unarmed Combat


You had 10 spell levels left.
You didn't know any spells.
Your spell library contained the following spells:

 Spells                   Type           Power        Failure   Level
 Corona                   Hex            0%           28%         1
 Shock                    Conj/Air       0%           28%         1
 Sting                    Tmut/Pois      0%           28%         1
 Ensorcelled Hibernation  Hex/Ice        0%           41%         2
 Poisonous Vapours        Pois/Air       0%           41%         2
 Swiftness                Air            0%           41%         2
 Confusing Touch          Hex            0%           65%         3
 Dazzling Flash           Conj/Hex       0%           65%         3
 Ignite Poison            Fire/Tmut/Pois 0%           65%         3
 Mephitic Cloud           Conj/Pois/Air  0%           65%         3
 Static Discharge         Conj/Air       0%           65%         3
 Tukima's Dance           Hex            0%           65%         3
 Airstrike                Air            0%           96%         4
 Olgreb's Toxic Radiance  Pois           0%           96%         4
 Lightning Bolt           Conj/Air       0%           100%        5


Dungeon Overview and Level Annotations

Branches:
Dungeon (11/15)            Temple (1/1) D:4            Lair (2/6) D:9
  Sewer (visited)
  Swamp: Lair:2-4    Shoals: Lair:2-4     Snake: Lair:2-4    Spider: Lair:2-4
    Orc: D:9-12

Altars:
Ashenzari
Cheibriados
Dithmenos
Elyvilon
Fedhas
Gozag
Hepliaklqana
Kikubaaqudgha
Makhleb
Nemelex Xobeh
Okawaru
Qazlal
Ru
Sif Muna
Trog
Uskayaw
Vehumet
Wu Jian
Xom
Yredelemnul
Zin
The Shining One

Shops:
D:6 (   D:7 *

Annotations:
D:5 1 runed translucent door, dillytodds's ghost, novice DsCj
D:9 4 runed translucent doors


Innate Abilities, Weirdness & Mutations

You can breathe bolts of dispelling energy.
Your rich purple scales are hard. (AC +7)
You cannot fit into any form of body armour.
You are cold-blooded and may be slowed by cold attacks.


Message History

Unknown command.
You pummel the blink frog!!
The blink frog is severely wounded.
The blink frog blinks!
The blink frog closely misses you.
You miss the blink frog.
The blink frog is severely wounded.
The blink frog hits you! The blink frog misses you.
The blink frog blinks!
You miss the blink frog.
Your tail-slap misses the blink frog.
The blink frog is severely wounded.
The blink frog barely misses you. The blink frog misses you.
Unknown command.
You punch the blink frog!
You kill the blink frog!
The blink frog blinks!
The blink frog hits you!
* * * LOW HITPOINT WARNING * * *
The blink frog blinks! x3; The blink frog completely misses you.
The blink frog barely misses you. The blink frog hits you!
* * * LOW HITPOINT WARNING * * *
The blink frog blinks!
The blink frog hits you!
You die...

* #. ##...# ,*
#.##....# **
#.....F.# ,* *
#.......# ,*
*#..#.......#
,
,...........#
,,
,,.P.####...§#
,, , #..§F.#
,, #P..@.# ***
, , * #...F.##
* , ##.....# ,
, #.####....##
,,,
,.........<# ,
**
*######.##.# *
* ######


You could see 3 blink frogs.

Vanquished Creatures
  A two-headed ogre (D:9)
  A cane toad (Lair:1)
  A kobold demonologist (D:10)
  A komodo dragon (Lair:1)
  4 blink frogs
  Grinder (D:5)
  12 yaks
  Edmund (D:5)
  A water moccasin (Sewer)
  A black bear (D:10)
  A sky beast (D:10)
  A phantom (D:9)
  An orc warrior (D:10)
  3 ice beasts
  3 centaurs
  4 ogres
  3 big kobolds
  4 bullfrogs
  A gnoll sergeant (D:9)
  A wyvern skeleton (D:10)
  4 scorpions
  4 killer bees (D:10)
  8 howler monkeys
  4 wights
  2 bullfrog zombies
  A centaur zombie (D:5)
  A quasit (D:10)
  An orc priest (D:6)
  A centaur skeleton (D:4)
  3 hounds
  Crazy Yiuf (D:3)
  2 bullfrog skeletons
  5 orc wizards
  5 worker ants
  4 iguanas
  Terence (D:3)
  A worker ant zombie (D:6)
  8 gnolls
  13 adders
  2 shadow imps
  A white imp (D:7)
  2 ufetubi
  3 oozes (D:2)
  An adder zombie (D:10)
  An adder skeleton (D:4)
  3 leopard geckos
  13 orcs
  2 ball pythons (D:1)
  18 bats
  8 giant cockroaches
  5 goblins
  7 hobgoblins
  7 jackals
  13 kobolds
  5 quokkas
  5 frilled lizards
  A giant cockroach zombie (D:4)
  A leopard gecko skeleton (D:4)
  2 quokka skeletons
  7 rats
222 creatures vanquished.

Vanquished Creatures (others)
  A fungus (Lair:1)
  A plant (Lair:1)
2 creatures vanquished.

Grand Total: 224 creatures vanquished

Notes
Turn   | Place    | Note
-------+----------+-------------------------------------------
     0 | D:1      | pkoi the Draconian Monk began the quest for the Orb.
     0 | D:1      | Reached XP level 1. HP: 19/19 MP: 1/1
   317 | D:1      | Reached XP level 2. HP: 26/26 MP: 2/2
   740 | D:2      | Reached skill level 4 in Unarmed Combat
   788 | D:2      | Reached XP level 3. HP: 30/31 MP: 3/3
  1279 | D:3      | Reached skill level 5 in Unarmed Combat
  1279 | D:3      | Reached XP level 4. HP: 16/38 MP: 4/4
  1734 | D:3      | Noticed Terence
  1745 | D:3      | Killed Terence
  1966 | D:3      | Found a runed translucent door.
  1967 | D:3      | Noticed Crazy Yiuf
  2354 | D:3      | Killed Crazy Yiuf
  2355 | D:3      | Reached skill level 6 in Unarmed Combat
  2355 | D:3      | Reached XP level 5. HP: 25/45 MP: 5/5
  2879 | D:4      | Reached XP level 6. HP: 48/51 MP: 6/6
  2974 | D:4      | Found a staircase to the Ecumenical Temple.
  2983 | Temple   | Entered the Ecumenical Temple
  3205 | Temple   | Became a worshipper of Ashenzari the Shackled
  3205 | Temple   | Reached * piety under Ashenzari
  3205 | Temple   | Reached ** piety under Ashenzari
  3248 | D:4      | Reached skill level 7 in Unarmed Combat
  3703 | D:5      | Entered Level 5 of the Dungeon
  3764 | D:5      | Found a glowing drain.
  3768 | Sewer    | Entered a sewer
  3800 | Sewer    | Noticed a water moccasin
  3812 | Sewer    | Killed a water moccasin
  3813 | Sewer    | Reached skill level 8 in Unarmed Combat
  3813 | Sewer    | Your scales start taking on a rich purple colour.
  3813 | Sewer    | Reached XP level 7. HP: 28/57 MP: 7/7
  4209 | D:5      | Found a runed translucent door.
  4209 | D:5      | Noticed dillytodds's ghost (novice DsCj)
  4260 | D:5      | Noticed Grinder
  5233 | D:5      | Noticed Edmund
  5255 | D:5      | Killed Edmund
  5620 | D:5      | Paralysed by Grinder for 3 turns
  5637 | D:5      | Killed Grinder
  5638 | D:5      | Reached skill level 9 in Unarmed Combat
  5727 | D:6      | Found Huewkan's Antique Weapon Shoppe.
  5967 | D:6      | Found a white marble altar of Elyvilon.
  5991 | D:6      | Reached XP level 8. HP: 60/66 MP: 8/8
  6069 | D:6      | Found a shimmering blue altar of Sif Muna.
  6070 | D:6      | Found a basalt altar of Yredelemnul.
  6878 | D:7      | Found a burning altar of Makhleb.
  6941 | D:7      | Found Qacuel's Mass Market.
  7074 | D:7      | Reached *** piety under Ashenzari
  7113 | D:7      | Reached skill level 5 in Fighting
  7152 | D:7      | Found a hide-covered altar of Uskayaw.
  7222 | D:7      | Found a sacrificial altar of Ru.
  7248 | D:7      | Reached skill level 10 in Unarmed Combat
  8300 | D:8      | Reached XP level 9. HP: 75/75 MP: 9/9
  8630 | D:9      | Reached skill level 5 in Dodging
  8735 | D:9      | Found a sacrificial altar of Ru.
  8843 | D:9      | Found a shimmering altar of Xom.
  8843 | D:9      | Found a bloodstained altar of Trog.
  8844 | D:9      | Found a shadowy altar of Dithmenos.
  8859 | D:9      | Found a runed translucent door.
  9000 | D:9      | Found a runed translucent door.
  9054 | D:9      | Found a runed translucent door.
  9073 | D:9      | Found a runed translucent door.
  9093 | D:9      | Found a staircase to the Lair.
  9402 | D:9      | Found a stormy altar of Qazlal.
  9642 | D:9      | Noticed a two-headed ogre
  9655 | D:9      | Killed a two-headed ogre
  9656 | D:9      | Reached skill level 11 in Unarmed Combat
 10118 | D:10     | Entered Level 10 of the Dungeon
 10252 | D:10     | Noticed a kobold demonologist
 10268 | D:10     | Reached XP level 10. HP: 82/88 MP: 10/10
 10281 | D:10     | Noticed an orange demon
 11207 | Lair:1   | Entered Level 1 of the Lair of Beasts
 11250 | Lair:1   | Reached **** piety under Ashenzari
 11366 | Lair:1   | Noticed a cane toad
 11743 | Lair:1   | Reached skill level 12 in Unarmed Combat
 12382 | Lair:1   | Killed a cane toad
 12383 | Lair:1   | Reached XP level 11. HP: 99/99 MP: 11/11
 12569 | Lair:2   | Slain by a blink frog

Illustrated notes

Levels and vault maps discovered:
D:1:      dpeg_arrival_round_c, layout_loops_ring
D:2:      layout_rooms, minmay_pentomino_p4
D:3:      layout_basic, minmay_misc_feat_room, uniq_crazy_yiuf_cottage,
          uniq_terence
D:4:      minmay_diamond_boxcup, layout_cave_pools, minmay_temple_entry_poolview
D:5:      layout_layer_cave, gup_sewer_entry_bowl,
          hellmonk_ghost_happy_afterlife, uniq_edmund, uniq_grinder
D:6:      layout_loops_corners, nicolae_overflow_hidden_temple,
          chequers_temple_overflow_statue_of_worship, serial_shops, shop
D:7:      layout_loops_cross, eat_drink_and_be_merry_uskayaw, kennysheep_mini,
          nicolae_overflow_crystal_walls, minmay_shop_mass
D:8:      layout_layer_cave, minmay_misc_feat_roman
D:9:      layout_layer_cave, gammafunk_temple_overflow_claw,
          lemuel_coloured_pillars_altar, lair_entry_dummy, basic_altar,
          minmay_statue_crystal_thing
D:10:     layout_basic, st_stairs_11, minmay_fractal_squares_5
D:11:     cheibrodos_fzero, layout_basic, orc_0_dummy
Temple:   minmay_temple_bridge_abc
Lair:1:   layout_regular_city
Lair:2:   layout_chaotic_city, swamp_mist, minmay_lair_oklob_chamber,
          infiniplex_staircase_pool

Skill      XL: |  1  2  3  4  5  6  7  8  9 10 |
---------------+-------------------------------+-----
Unarmed Combat | 4 5 6 8 9 10 11 12 | 12.3
Dodging        | 3 4 6 8 |  8.3
Fighting       | 5 8 9 |  9.9
Stealth        | |  1.7

Action                   |  1- 3 |  4- 6 |  7- 9 | 10-12 || total
-------------------------+-------+-------+-------+-------++-------
Melee: Unarmed           |   103 |   212 |   351 |   232 ||   898
       Tailslap          |    14 |    21 |    32 |    40 ||   107
       Punch             |     4 |     7 |    18 |    14 ||    43
Invok: Curse Item        |       |       |     1 |       ||     1
  Use: Scroll            |       |     6 |     5 |       ||    11
       Potion            |       |     6 |     2 |       ||     8
 Stab: Sleeping          |     9 |     4 |     8 |     2 ||    23
Armor: Skin              |    24 |    54 |    52 |    31 ||   161
Dodge: Dodged            |    72 |   211 |   235 |   145 ||   663

Table legend: (Time is in decaauts)
 A = Elapsed time spent in this place.
 B = Non-inter-level travel time spent in this place.
 C = Inter-level travel time spent in this place.
 D = Time resting spent in this place.
 E = Time spent auto-exploring this place.
 F = Levels seen in this place.
 G = Mean time per level.
                   A        B        C        D        E       F      G
               +--------+--------+--------+--------+--------+-----+--------+
         Total |  12429 |  11946 |    483 |   2685 |   7461 |  15 |  828.6 |
       Dungeon |  10500 |  10066 |    434 |   1960 |   6552 |  11 |  954.5 |
        Temple |    242 |    222 |     20 |      0 |    211 |   1 |  242.0 |
          Lair |   1336 |   1307 |     29 |    461 |    655 |   2 |  668.0 |
         Sewer |    350 |    350 |      0 |    264 |     43 |   1 |  350.0 |
               +--------+--------+--------+--------+--------+-----+--------+

Top non-repeatable levels by time:
     D:5: 1561 daAuts
     D:9: 1546 daAuts
  Lair:1: 1305 daAuts
     D:6: 1110 daAuts
    D:10: 1019 daAuts
     D:3: 1009 daAuts
     D:4: 1007 daAuts
     D:8: 955 daAuts
     D:7: 776 daAuts
     D:2: 757 daAuts
     D:1: 733 daAuts
   Sewer: 350 daAuts
  Temple: 242 daAuts
  Lair:2: 31 daAuts
    D:11: 23 daAuts
